 Dungeon Crawl Stone Soup version 0.32-a0-607-g64ea0e4219 (webtiles) character file.

Game seed: 1051195532608084919

394 GordonOverkill the Sneak (level 6, -5/37 HPs)
             Began as a Deep Elf Delver on Mar 4, 2024.
             Slain by a river rat (8 damage)
             ... summoned by Eustachio
             ... on level 4 of the Dungeon.
             The game lasted 00:09:29 (3831 turns).

GordonOverkill the Sneak (Deep Elf Delver)          Turns: 3831, Time: 00:09:30

Health: -5/37      AC:  3    Str:  9      XL:     6   Next: 52%
Magic:  2/2        EV: 12    Int: 15      God:
Gold:   207        SH:  0    Dex: 17 (18) Spells: 5/5 levels left

rFire   . . .        a - +0 spear (antimagic)
rCold   . . .        (no shield)
rNeg    . . .        p - +0 leather armour
rPois   .            (no helmet)
rElec   .            (no cloak)
rCorr   .            (no gloves)
SInv    .            (no boots)
Will    .....        (no amulet)
Stlth   +++          (no ring)
HPRegen 0.26/turn    (no ring)
MPRegen 0.08/turn

%: no passive effects
@: on berserk cooldown, slowed, very slow
A: no striking features
a: no special abilities


You were on level 4 of the Dungeon.
You visited 1 branch of the dungeon, and saw 6 of its levels.
You also visited: Sewer.

You collected 207 gold pieces.

Inventory:

Hand Weapons
 a - a +0 antimagic spear (weapon)
 b - a +0 sling
 o - a +0 spear
Missiles
 i - a throwing net
Armour
 p - a +0 leather armour (worn)
Jewellery
 v - a ring of magical power
Wands
 g - a wand of digging (2)
Scrolls
 c - 5 scrolls of fog
 d - a scroll of revelation
 e - 2 scrolls of fear
 h - a scroll of vulnerability
 r - a scroll of immolation
 t - 4 scrolls of teleportation
 w - a scroll of amnesia {unknown}
 x - a scroll of enchant weapon {unknown}
Potions
 f - a potion of haste
 k - a potion of curing {unknown}
 m - 2 potions of magic {unknown}
 n - a potion of cancellation
 q - a potion of mutation {unknown}
 s - a potion of attraction


   Skills:
 - Level 3.0 Fighting
 - Level 3.0 Polearms
 + Level 5.6 Ranged Weapons
 - Level 2.4 Dodging
 - Level 6.0 Stealth
 - Level 3.0 Evocations


You had 5 spell levels left.
You didn't know any spells.
Your spell library contained the following spells:

 Spells                   Type           Power      Damage    Failure   Level
 Magic Dart               Conj           0%         1d3       36%         1
 Call Imp                 Summ           0%         N/A       50%         2
 Searing Ray              Conj           0%         2d4       50%         2
 Sublimation of Blood     Necr           0%         N/A       50%         2
 Call Canine Familiar     Summ           0%         N/A       75%         3
 Sigil of Binding         Hex            0%         N/A       75%         3
 Stone Arrow              Conj/Erth      0%         3d7       75%         3
 Animate Armour           Summ/Erth      0%         N/A       98%         4
 Dimensional Bullseye     Hex/Tloc       0%         N/A       98%         4
 Fulminant Prism          Conj/Alch      0%         3d5       98%         4
 Summon Hydra             Summ           0%         N/A       100%        7
 Lehudib's Crystal Spear  Conj/Erth      0%         10d2      100%        8


Dungeon Overview and Level Annotations

Branches:
Dungeon (6/15)              Sewer (visited)
 Temple: D:4-7

Altars:
Wu Jian

Annotations:
D:4 Eustachio


Message History

You feel clumsy. The river rat barely misses you. The quokka barely misses you.
The quasit bites you but does no damage.
The quasit claws you but does no damage.
The quasit claws you.
You closely miss the quasit.
Eustachio growls, "To hell with you, honourless miscreant!"
The iron imp hits you.
* * * LOW HITPOINT WARNING * * *
The quasit barely misses you. x3
The quokka bites you but does no damage.
The river rat bites you.
* * * LOW HITPOINT WARNING * * *
The iron imp barely misses you. The quasit closely misses you. x2
The quasit barely misses you.
You hit the quasit but do no damage. The quokka bites you.
* * * LOW HITPOINT WARNING * * *
The river rat barely misses you. The quasit misses you.
The quasit claws you but does no damage. x2
The quokka bites you but does no damage.
The iron imp hits you!
* * * LOW HITPOINT WARNING * * *
The river rat twitches its whiskers.
The river rat barely misses you.
You hit Eustachio but do no damage.
Eustachio is severely wounded.
The quokka misses you. The river rat barely misses you.
The iron imp barely misses you. The quokka bites you.
* * * LOW HITPOINT WARNING * * *
Eustachio gestures wildly while chanting.
You hit Eustachio but do no damage.
Eustachio is severely wounded.
Eustachio's magic is no longer disrupted.
The iron imp disappears in a puff of smoke!
The quokka barely misses you. The river rat bites you.
* * * LOW HITPOINT WARNING * * *
Eustachio hits you with a +0 rapier.
* * * LOW HITPOINT WARNING * * *
The river rat bites you!
You die...

#.# #. #.#
##.# #.#
##...# #.#
##.....
#######.#
.......
#.......#
...5r
#.#######
#5r###.#
#@@§†.#
#..5r#####
.....##
.###


You could see Eustachio, an iron imp (summoned), a quasit (summoned), 2 river
rats, a shadow imp (summoned) and a quokka (summoned).

Vanquished Creatures
  A water moccasin (D:5)
  A swamp drake (Sewer)
  A killer bee (Sewer)
  7 adders
  A white imp (D:5)
  2 ribbon worms
  A dart slug (D:2)
  13 ball pythons
  5 bats
  11 endoplasms
  3 giant cockroaches
  4 hobgoblins
  3 jackals (D:2)
  9 frilled lizards
  5 goblins
  5 kobolds
  3 rats
75 creatures vanquished.

Notes
Turn   | Place    | Note
-------+----------+-------------------------------------------
     0 | D:5      | GordonOverkill the Deep Elf Delver began the quest for the
                  | Orb.
     0 | D:5      | Reached XP level 1. HP: 13/13 MP: 3/3
    13 | D:5      | Noticed a hound
   100 | D:5      | Noticed an iguana
   111 | D:5      | Reached XP level 2. HP: 11/19 MP: 4/4
   178 | D:5      | Reached skill level 1 in Evocations
   222 | D:5      | Noticed a water moccasin
   227 | D:5      | Killed a water moccasin
   228 | D:5      | Reached XP level 3. HP: 23/23 MP: 5/5
   228 | D:5      | Reached XP level 4. HP: 28/28 MP: 6/6
   427 | D:5      | Found a glowing drain.
   431 | Sewer    | Entered a sewer
   656 | Sewer    | Reached XP level 5. HP: 24/32 MP: 7/7
   777 | Sewer    | a jelly changed into a swamp drake
   777 | Sewer    | Noticed a swamp drake
   779 | Sewer    | Killed a swamp drake
   908 | Sewer    | Reached XP level 6. HP: 37/37 MP: 8/8
   919 | Sewer    | Found a viscous altar of Jiyva.
  1209 | D:3      | Found an ornate altar of the Wu Jian Council.
  2303 | D:2      | Reached skill level 5 in Ranged Weapons
  3351 | D:3      | Found a faded altar of an unknown god.
  3791 | D:4      | Noticed Eustachio
  3831 | D:4      | Slain by a river rat

Illustrated notes

Levels and vault maps discovered:
D:1:      dpeg_arrival_more_subterranean_lakeside_camping, layout_loops_ring
D:2:      layout_basic, minivault_4
D:3:      layout_loops_ring, amcnicky_altar_gilded,
          shapermc_ecumenical_altar_starsandcircs
D:4:      layout_loops_corners, nicolae_qazlal_scattered_showers,
          lemuel_doored_altar, temple_pool_b, nicolae_zig_zag_zippers,
          uniq_eustachio, uniq_blork_the_orc
D:5:      layout_basic, mainiacjoe_sewer_entry_somewhere_in_here_2,
          serial_bayou_pond_d
D:6:      layout_loops_cross, mainiacjoe_overflow_alcove_3

Skill      XL: |  1  2  3  4  5  6 |
---------------+-------------------+-----
Fighting       | 3 |  3.0
Evocations     | 3 |  3.0
Polearms       | 2 3 |  3.0
Ranged Weapons | 4 5 |  5.6
Dodging        | |  2.4
Stealth        | |  6.0

Action                     |  1- 3 |  4- 6 || total
---------------------------+-------+-------++-------
  Melee: Spear             |       |   121 ||   121
   Fire: Sling             |       |   151 ||   151
  Evoke: Wand              |     9 |    12 ||    21
    Use: Scroll            |       |     7 ||     7
         Potion            |       |     5 ||     5
   Stab: Sleeping          |       |     3 ||     3
 Armour: Leather armour    |     2 |   138 ||   140
  Dodge: Dodged            |       |   115 ||   115

Table legend: (Time is in decaauts)
 A = Elapsed time spent in this place.
 B = Non-inter-level travel time spent in this place.
 C = Inter-level travel time spent in this place.
 D = Time resting spent in this place.
 E = Time spent auto-exploring this place.
 F = Levels seen in this place.
 G = Mean time per level.
                   A        B        C        D        E       F      G
               +--------+--------+--------+--------+--------+-----+--------+
         Total |   3896 |   3712 |    184 |    513 |   2103 |   7 |  556.6 |
       Dungeon |   3337 |   3153 |    184 |    259 |   2060 |   6 |  556.2 |
         Sewer |    558 |    558 |      0 |    254 |     43 |   1 |  558.0 |
               +--------+--------+--------+--------+--------+-----+--------+

Top non-repeatable levels by time:
     D:2: 1165 daAuts
     D:1: 750 daAuts
     D:3: 636 daAuts
   Sewer: 558 daAuts
     D:5: 446 daAuts
     D:4: 296 daAuts
     D:6: 41 daAuts
